 Dungeon Crawl Stone Soup version 0.19.5 (webtiles) character file.

66 greprep the Grave Robber (level 3, 0/24 HPs)
             Began as a Vampire Necromancer on May 3, 2017.
             Slain by an adder (2 damage)
             ... on level 2 of the Dungeon.
             The game lasted 00:12:27 (2743 turns).

greprep the Grave Robber (Vampire Necromancer)      Turns: 2743, Time: 00:12:28

Health: 0/24       AC:  3    Str:  7    XL:     3   Next: 96%
Magic:  2/6        EV: 13    Int: 18    God:
Gold:   99         SH:  0    Dex: 14    Spells: 2 memorised, 5 levels left

rFire  . . .     SeeInvis +     (no weapon)
rCold  . . .     Gourm    .     a - +0 robe
rNeg   + . .     Faith    .     (no shield)
rPois  .         Spirit   .     d - +0 helmet
rElec  .         Reflect  .     (no cloak)
rCorr  .         Harm     .     (no gloves)
MR     .....                    (no boots)
Stlth  ++........               (no amulet)
                                (no ring)
                                (no ring)

@: lethally poisoned (0 -> -5)
A: fangs 3, see invisible, unbreathing
a: Bat Form


You were on level 2 of the Dungeon.
You were not thirsty.

You visited 1 branch of the dungeon, and saw 2 of its levels.

You collected 99 gold pieces.

Inventory:

Armour
 a - a +0 robe (worn)
 d - a +0 helmet (worn)
Scrolls
 e - a scroll of fear {unknown}
 f - a scroll of teleportation {unknown}
 h - 2 scrolls of remove curse {unknown}
 k - 2 scrolls of magic mapping {unknown}
 m - a scroll of identify {unknown}
Potions
 c - 2 potions of blood
 g - a potion of brilliance {unknown}
 i - a potion of berserk rage {unknown}
 j - a potion of degeneration {unknown}
 l - a potion of haste {unknown}
Books
 b - a book of Necromancy

   Spells                             Type                      Level
   a - Pain                           Necromancy                   1
   b - Animate Skeleton               Necromancy                   1
   c - Vampiric Draining              Necromancy                   3
   d - Regeneration                   Charms/Necromancy            3
   e - Animate Dead                   Necromancy                   4
   f - Control Undead                 Necromancy                   4


   Skills:
 + Level 0.1 Fighting
 + Level 2.5 Dodging
 + Level 3.3 Stealth
 + Level 0.4 Unarmed Combat
 + Level 2.5 Spellcasting
 + Level 5.4 Necromancy


You had 5 spell levels left.
You knew the following spells:

 Your Spells              Type           Power        Failure   Level  Hunger
a - Pain                  Necr           ###.         1%          1    #......
b - Animate Skeleton      Necr           N/A          1%          1    #......


Dungeon Overview and Level Annotations

Branches:
Dungeon (2/15)

Altars:

Annotations:
D:2 Sigmund


Innate Abilities, Weirdness & Mutations

You have razor-sharp teeth.
You have supernaturally acute eyesight. (SInv)
You can survive without breathing.


Message History

Aiming: Pain
Press: ? - help, Shift-Dir - straight line, f/p - adder
Aim: an adder (moderately wounded, chance to defeat MR: 86%)
The adder writhes in agony!
The adder closely misses you.
Sigmund hits you from afar with a scythe!
* * * LOW HITPOINT WARNING * * *
The adder bites you but does no damage.
* * * LOW HITPOINT WARNING * * *
You feel sick.
Casting: Pain
Confirm with . or Enter, or press ? or * to list all spells.
Aiming: Pain
Press: ? - help, Shift-Dir - straight line, f/p - adder
Aim: an adder (heavily wounded, chance to defeat MR: 86%)
The adder writhes in agony!
The adder bites you.
* * * LOW HITPOINT WARNING * * *
* * * LOW HITPOINT WARNING * * *
You feel sick. The adder bites you.
You die...

#........# #>..# #..##
...######.####.### #.### ..
#...##.# ###.##. #.###
##......# ###......
#....##..##..#####...##.##
#....####.##.)..####.##
##.@.# #.#..#######.#
#......#.####.(.## #...##
.....###.S@(..(#######.####
..... #####........##.#...
.... #....(.....##.#†## ...
..##.##.......##.#.# #
#......÷......##.#.#
##..##...........#.## ...#
##..........[.%.
.#######........###.##
.........†....##..#


You could see Sigmund and an adder.

Vanquished Creatures
  2 oozes
  A ball python (D:1)
  5 giant cockroaches (D:1)
  2 goblins (D:2)
  3 hobgoblins
  12 jackals
  4 kobolds
  A quokka (D:2)
  4 bats
  4 frilled lizards
  4 rats
42 creatures vanquished.

Vanquished Creatures (collateral kills)
  An ooze (D:1)
  A worm (D:2)
  A leopard gecko (D:2)
  A giant cockroach (D:2)
4 creatures vanquished.

Grand Total: 46 creatures vanquished

Notes
Turn   | Place    | Note
-------+----------+-------------------------------------------
     0 | D:1      | greprep the Vampire Necromancer began the quest for the Orb.
     0 | D:1      | Reached XP level 1. HP: 13/13 MP: 3/3
     3 | D:1      | Learned a level 1 spell: Animate Skeleton
   285 | D:1      | Reached XP level 2. HP: 12/19 MP: 0/5
   389 | D:1      | Reached skill level 5 in Necromancy
  1205 | D:1      | Reached XP level 3. HP: 15/24 MP: 2/6
  1482 | D:2      | Found a faded altar of an unknown god.
  1914 | D:2      | Noticed Sigmund
  2364 | D:2      | HP: 1/24 [bat (1)]
  2742 | D:2      | HP: 1/24 [poisoned by an adder]
  2743 | D:2      | Slain by an adder

Skill      XL: |  1  2 |
---------------+-------+-----
Necromancy     | 5 |  5.4
Fighting       | |  0.1
Dodging        | |  2.5
Stealth        | |  3.3
Unarmed Combat | |  0.4
Spellcasting   | |  2.5

Action                   || total
-------------------------++-------
Melee: Unarmed           ||   114
       Bite              ||    16
 Cast: Pain              ||    74
       Animate Skeleton  ||     4
 Abil: End Transformatio ||     1
       Bat Form          ||     1
  Use: Potion            ||     6
Armor: Robe              ||    28
Dodge: Dodged            ||   140
